 Dungeon Crawl Stone Soup version 0.18.1-48-g4cf74bf (webtiles) character file.

217 MistressOfTheDunes the Insei (level 5, -1/41 HPs)
             Began as a Mummy Monk on July 19, 2016.
             Slain by Crazy Yiuf
             ... wielding a +2 quarterstaff of chaos
              (5 damage)
             ... on level 3 of the Dungeon.
             The game lasted 00:06:10 (5137 turns).

MistressOfTheDunes the Insei (Mummy Monk)           Turns: 5137, Time: 00:06:11

Health: -1/41      AC:  2    Str: 14    XL:     5   Next: 61%
Magic:  5/5        EV: 14    Int:  9    God:
Gold:   235        SH:  0    Dex: 16    Spells: 0 memorised, 4 levels left

rFire  x . .     SeeInvis .       - Unarmed
rCold  + . .     Gourm    .     (no armour)
rNeg   + + +     Faith    .     (no shield)
rPois  ∞         Spirit   .     c - +2 hat
rElec  .         Dismiss  .     (no cloak)
rCorr  .         Reflect  .     (no gloves)
SustAt .         Harm     .     (no boots)
MR     .....                    (no amulet)
Stlth  ++........               (no ring)
                                (no ring)

@: not resistant to hostile enchantments, unstealthy
A: no food or potions, fire vulnerability, cold resistance 1, negative energy
resistance 3, torment resistance, unbreathing
a: no special abilities


You were on level 3 of the Dungeon.
You were not hungry.

You visited 1 branch of the dungeon, and saw 4 of its levels.

You collected 235 gold pieces.


Innate Abilities, Weirdness & Mutations

You do not eat or drink.
Your flesh is vulnerable to fire.
You are immune to poison.
Your flesh is cold resistant.
You are immune to negative energy.
You are immune to unholy pain and torment.
You can survive without breathing.


   Skills:
 - Level 3.0 Fighting
 + Level 3.5 Dodging
 - Level 1.5 Stealth
 - Level 5.1 Unarmed Combat


You had 4 spell levels left.
You didn't know any spells.

Inventory:

Armour
 c - a +2 hat (worn)
 e - a +0 helmet
Scrolls
 a - 2 scrolls of blinking {unknown}
 b - 3 scrolls of identify {unknown}
 d - 5 scrolls of remove curse {unknown}
 f - a scroll of recharging {unknown}
 g - a scroll of teleportation {unknown}
 h - a scroll of fog {unknown}
 i - 2 scrolls of fear {unknown}
 j - a scroll of enchant armour {unknown}
 k - a scroll of noise {unknown}

Dungeon Overview and Level Annotations

Branches:
Dungeon (4/15)
 Temple: D:4-7

Altars:
Dithmenos
Elyvilon
Okawaru
Yredelemnul

Annotations:
D:3 Free cloak, Crazy Yiuf

▒..)▒ ▒..(.............[▒▒ ▒▒▒
▒...........>....▒▒
▒......./........▒
▒...▒▒▒▒▒........▒ ▒▒▒▒▒▒▒...▒
▒▒...▒▒...▒ ..........▒
▒...▒▒▒▒.▒▒ .▒▒▒......▒ ▒.▒.▒
▒.▒▒▒▒▒▒ ▒▒▒..▒▒▒.▒▒ ▒.▒.▒
▒......▒ ▒ ▒.▒▒
▒.▒▒▒▒▒.gM▒▒▒▒......▒
▒▒▒.▒▒▒▒.▒▒........▒.......▒
...........................▒
▒▒▒▒.▒▒▒......(....▒.▒.....▒
▒......▒........▒.▒▒▒▒.▒▒
▒▒......▒▒▒▒.▒▒▒▒.▒▒▒▒.▒▒▒▒▒
▒▒▒▒▒..▒.▒......▒▒▒▒..........▒
...................†..........▒
▒▒▒▒..▒▒.▒....................▒


You could see Crazy Yiuf.


Message History

You squash Crazy Yiuf like an ant!!!
Crazy Yiuf is moderately wounded!
Crazy Yiuf grits, "Spliff tea eyeball!!!"
Crazy Yiuf barely misses you!
Saving game!!! please wait!
Level annotation: Free cloak, Crazy Yiuf Welcome back, MistressOfTheDunes the Mummy Monk!
You beat Crazy Yiuf into a bloody pulp!
Crazy Yiuf is heavily wounded!
Crazy Yiuf hits you with a quarterstaff of chaos!!!
You closely miss Crazy Yiuf!
Crazy Yiuf is heavily wounded!
Crazy Yiuf misses you!
You barely miss Crazy Yiuf!
Crazy Yiuf is heavily wounded!
Crazy Yiuf misses you!
You beat Crazy Yiuf but do no damage!
Crazy Yiuf is heavily wounded!
Crazy Yiuf hits you with a quarterstaff of chaos!!! * * * don't die
* * * Crazy Yiuf freezes you! * * * don't die
* * * You are too injured to fight recklessly!!!
You are too injured to fight recklessly!!!
You are too injured to fight recklessly!!!
You are too injured to fight recklessly!!!
Crazy Yiuf hits you with a quarterstaff of chaos!!! * * * don't die
* * * You convulse! rip

Action                   |  1- 3 |  4- 6 || total
-------------------------+-------+-------++-------
Melee: Unarmed           |   170 |   135 ||   305
       Punch             |     2 |     3 ||     5
 Stab: Sleeping          |     5 |     3 ||     8
Armor: Skin              |    28 |    13 ||    41
Dodge: Dodged            |   111 |    99 ||   210

Vault maps used:
D:1:      minmay_arrival_hallway, grunt_decor_mini_mirrors
D:2:      minmay_door_path, lemuel_round_altar, lemuel_coloured_pillars_altar,
          ecumenical_altar_1
D:3:      first_bread, yredelemnul_altar_generic, uniq_crazy_yiuf_cottage
D:4:      minmay_misc_feat_more_columns, okawaru_gym_becter

Notes
Turn   | Place    | Note
--------------------------------------------------------------
     0 | D:1      | MistressOfTheDunes the Mummy Monk began the quest for the Orb.
     0 | D:1      | Reached XP level 1. HP: 18/18 MP: 1/1
   305 | D:1      | Reached XP level 2. HP: 5/24 MP: 2/2
  1077 | D:2      | Reached skill level 4 in Unarmed Combat
  1221 | D:2      | Reached XP level 3. HP: 23/29 MP: 3/3
  1324 | D:2      | Found a faded altar to an unknown god.
  1859 | D:2      | Found a white marble altar of Elyvilon.
  2330 | D:2      | Reached XP level 4. HP: 33/35 MP: 4/4
  2535 | D:2      | Found a shadowy altar of Dithmenos.
  2612 | D:3      | Found a basalt altar of Yredelemnul.
  2890 | D:2      | Reached skill level 5 in Unarmed Combat
  3284 | D:3      | Reached XP level 5. HP: 40/41 MP: 5/5
  3445 | D:3      | Reached skill level 3 in Dodging
  3747 | D:3      | Noticed Crazy Yiuf
  4988 | D:4      | Found an iron altar of Okawaru.
  5018 | D:4      | Noticed an ogre
  5137 | D:3      | HP: 4/41 [Crazy Yiuf/quarterstaff of chaos (8)]
  5137 | D:3      | Slain by Crazy Yiuf

Vanquished Creatures
  An orc priest (D:2)
  2 orc wizards
  5 adders
  2 worms
  6 giant geckos
  5 orcs
  6 giant cockroaches
  8 hobgoblins
  2 jackals (D:2)
  2 quokkas
  10 bats
  3 giant newts (D:2)
  8 goblins
  8 kobolds
  A quokka skeleton (D:4)
  5 rats
74 creatures vanquished.
